 Dungeon Crawl Stone Soup version 0.23-a0-767-gdc19b93d68 (webtiles) character file.

616 DrakieV the Digger (level 7, -9/36 HPs)
             Began as a Deep Elf Earth Elementalist on Jan 25, 2019.
             Shot with an arrow by a centaur (12 damage)
             ... on level 5 of the Dungeon.
             The game lasted 00:16:30 (6049 turns).

DrakieV the Digger (Deep Elf Earth Elementalist)    Turns: 6049, Time: 00:16:30

Health: -9/36      AC:  4    Str:  5    XL:     7   Next: 21%
Magic:  1/17       EV: 13    Int: 22    God:
Gold:   166        SH:  0    Dex: 15    Spells: 8/17 levels left

rFire    . . .     SeeInvis .   q - +0 whip (flame)
rCold    . . .     Gourm    .   (no shield)
rNeg     . . .     Faith    .   c - +0 robe
rPois    .         Spirit   .   (no helmet)
rElec    .         Reflect  .   (no cloak)
rCorr    .         Harm     .   (no gloves)
MR       .....                  v - +1 pair of boots
Stlth    +++.......             (no amulet)
HPRegen  0.12/turn              (no ring)
MPRegen  0.15/turn              (no ring)

@: very slightly contaminated
A: no striking features
a: no special abilities


You were on level 5 of the Dungeon.
You were not hungry.

You visited 2 branches of the dungeon, and saw 6 of its levels.

You collected 166 gold pieces.


   Skills:
 - Level 2.4 Dodging
 + Level 5.5 Stealth
 + Level 5.8 Spellcasting
   Level 1.1 Transmutations
 * Level 6.9 Earth Magic


You had 8 spell levels left.
You knew the following spells:

 Your Spells              Type           Power        Failure   Level  Hunger
a - Sandblast             Erth           #####.       1%          1    None
d - Lee's Rapid Deconstr  Erth           #####.....   14%         5    #####..
s - Stone Arrow           Conj/Erth      ###...       7%          3    ##.....

Your spell library contained the following spells:

 Spells                   Type           Power        Failure   Level  Hunger
 Passwall                 Tmut/Erth      ###.....     2%          2    None
 Petrify                  Tmut/Erth      ###.....     17%         4    ####...


Dungeon Overview and Level Annotations

Branches:
Dungeon (5/15)             Temple (1/1) D:4

Altars:
Dithmenos
Elyvilon
Fedhas
Hepliaklqana
Kikubaaqudgha
Makhleb
Nemelex Xobeh
Qazlal
Ru
Sif Muna
Trog
Uskayaw
Wu Jian
Xom
Yredelemnul

Inventory:

Hand Weapons
 q - a +0 whip of flaming (weapon)
   (You found it on level 4 of the Dungeon)
Missiles
 e - 63 stones (quivered)
 l - 13 poisoned needles
Armour
 c - a +0 robe (worn)
 v - a +1 pair of boots (worn)
   (You found it on level 4 of the Dungeon)
Scrolls
 a - a scroll of fog
 g - 3 scrolls of remove curse {@r2}
 h - a scroll of enchant armour {unknown}
 j - a scroll of amnesia
 m - a scroll of magic mapping {unknown}
 n - 2 scrolls of teleportation {unknown}
 s - a scroll of fear {unknown}
 t - 2 scrolls of random uselessness {unknown}
Potions
 b - a potion of brilliance
 f - a potion of lignification {unknown}
 i - a potion of resistance
 k - a potion of magic {unknown}
 o - a potion of heal wounds {unknown}
 p - 2 potions of curing {@q1}
 r - a potion of haste {@q3}
 u - a potion of flight {unknown}
Comestibles
 d - 8 rations

#...............#.........
#...............#.........
#...............#c........
#............§§§(.........
#......##....§§§#.(.......
#......##..(§§§§#.........
#......##..§§§c§#....<....
#########.§§§§§§#.........
#....§@§§#.....c...
#....(.§§#.........
##.......#.........
#########........?


You could see a centaur.


Message History

The bullfrog is almost dead.
The bullfrog misses you. The bullfrog hits you.
Casting: Stone Arrow (safe; 7% risk of failure)
Confirm with . or Enter, or press ? or * to list all spells.
Aiming: Stone Arrow (safe; 7% risk of failure)
Press: ? - help, Shift-Dir - straight line, f/p - bullfrog
Aim: a bullfrog (almost dead)
You miscast Stone Arrow.
You are very lightly contaminated with residual magic.
Nothing appears to happen.
The bullfrog completely misses you.
Casting: Stone Arrow (safe; 7% risk of failure)
Confirm with . or Enter, or press ? or * to list all spells.
Aiming: Stone Arrow (safe; 7% risk of failure)
Press: ? - help, Shift-Dir - straight line, f/p - bullfrog
Aim: a bullfrog (almost dead)
The stone arrow hits the bullfrog.
You kill the bullfrog!
Casting: Stone Arrow (safe; 7% risk of failure)
Confirm with . or Enter, or press ? or * to list all spells.
Aiming: Stone Arrow (safe; 7% risk of failure)
Press: ? - help, Shift-Dir - straight line, f - centaur
Aim: a centaur, wielding a +0 shortbow The stone arrow hits the centaur.
The centaur is severely wounded.
The centaur shoots an arrow.
The arrow barely misses you.
Casting: Stone Arrow (safe; 7% risk of failure)
Confirm with . or Enter, or press ? or * to list all spells.
Aiming: Stone Arrow (safe; 7% risk of failure)
Press: ? - help, Shift-Dir - straight line, f/p - centaur
Aim: a centaur, wielding a +0 shortbow (severely wounded)
You miscast Stone Arrow.
You momentarily stiffen.
The centaur shoots an arrow.
The arrow hits you.
* * * LOW HITPOINT WARNING * * *
The centaur shoots an arrow.
The arrow hits you!
* * * LOW HITPOINT WARNING * * *
You see here an arrow.
Okay, then.
It was a potion of curing.
You feel better.
The centaur shoots an arrow.
The arrow barely misses you.
As you read the scroll labeled NUT NOALIXUT, it crumbles to dust.
The scroll dissolves into smoke.
It was a scroll of fog.
The centaur shoots an arrow.
The arrow misses you.
The centaur shoots an arrow.
The arrow hits you!
* * * LOW HITPOINT WARNING * * *
You see here an arrow.
As you read the scroll labeled MYHEUS BEESU, it crumbles to dust.
It is a scroll of amnesia.
Okay, then.
The centaur shoots an arrow.
The arrow hits you!
You die...

Vault maps used:
D:1:      dpeg_arrival_round_c, serial_rivers, chequers_serial_rivers_micro_a,
          chequers_serial_rivers_micro_b, chequers_serial_rivers_marsh,
          chequers_serial_rivers_micro_e, chequers_serial_rivers_small_3,
          chequers_serial_rivers_micro_d
D:2:      nemelex_xobeh_ov_fountains_minmay, overflow_temple_1_default,
          first_ration, uniq_terence, uniq_robin
D:3:      old_standard_altar
D:4:      lemuel_round_altar, lemuel_round_altar,
          minmay_temple_entry_sparse_star, nicolae_qazlal_style_of_elements
D:5:      nicolae_gozag_cash_rules_everything_around_me, lemuel_doored_altar,
          serial_shops, kennysheep_little_box
Temple:   dpeg_chambers_temple

Vanquished Creatures
  An ogre (D:4)
  A bullfrog (D:5)
  A crimson imp (D:2)
  2 hounds (D:4)
  3 orc wizards
  An orc priest (D:2)
  Terence (D:2)
  3 worker ants
  Robin (D:2)
  6 adders
  An ooze (D:3)
  2 worms (D:3)
  A dart slug (D:1)
  3 leopard geckos
  9 orcs
  4 giant cockroaches
  19 goblins
  4 hobgoblins
  A quokka (D:2)
  9 bats
  5 frilled lizards
  A jackal skeleton (D:4)
  5 kobolds
  8 rats
92 creatures vanquished.

Table legend:
 A = Turns spent in this place as a percentage of turns spent in the entire game.
 B = Non-inter-level travel turns spent in this place as a percentage of non-inter-level travel turns spent in the entire game.
 C = Inter-level travel turns spent in this place as a percentage of turns spent in this place.
 D = Turns resting spent in this place as a percentage of non-inter-level travel turns spent in this place.
 E = Turns spent auto-exploring this place as a percentage of non-inter-level travel turns spent in this place.
 F = Non-inter-level travel turns spent in this place divided by the number of levels of this place that you've seen.
                   A       B       C       D       E      F
               +-------+-------+-------+-------+-------+----------------------
         Total | 100.0 | 100.0 |   3.6 |  42.2 |  42.8 | 971.7
       Dungeon |  96.5 |  96.4 |   3.8 |  43.8 |  41.3 | 1124.0
        Temple |   3.5 |   3.6 |   0.0 |   0.0 |  82.4 | 210.0
               +-------+-------+-------+-------+-------+----------------------

Table legend:
 A = Kills in this place as a percentage of kills in entire the game.
 B = Kills by you in this place as a percentage of kills by you in the entire game.
 C = Kills by friends in this place as a percentage of kills by friends in the entire game.
 D = Other kills in this place as a percentage of other kills in the entire game.
 E = Experience gained in this place as a percentage of experience gained in the entire game.
 F = Experience gained in this place divided by the number of levels of this place that you have seen.
                   A       B       C       D       E      F
               +-------+-------+-------+-------+-------+----------------------
         Total | 100.0 | 100.0 |   N/A |   N/A | 100.0 | 146.8
       Dungeon | 100.0 | 100.0 |   N/A |   N/A | 100.0 | 176.2
               +-------+-------+-------+-------+-------+----------------------

Notes
Turn   | Place    | Note
-------+----------+-------------------------------------------
     0 | D:1      | DrakieV the Deep Elf Earth Elementalist began the quest for
                  | the Orb.
     0 | D:1      | Reached XP level 1. HP: 10/10 MP: 6/6
   404 | D:1      | Reached XP level 2. HP: 15/15 MP: 6/8
  1350 | D:2      | Reached skill level 3 in Stealth
  1350 | D:2      | Reached skill level 4 in Earth Magic
  1377 | D:2      | Found a blossoming altar of Fedhas.
  1392 | D:2      | Reached XP level 3. HP: 19/19 MP: 3/10
  1463 | D:2      | Learned a level 3 spell: Stone Arrow
  1558 | D:2      | Reached XP level 4. HP: 24/24 MP: 3/11
  1724 | D:2      | Noticed Robin
  1886 | D:2      | Reached skill level 4 in Spellcasting
  1989 | D:2      | Killed Robin
  2115 | D:2      | Found a sparkling altar of Nemelex Xobeh.
  2266 | D:2      | Noticed Terence
  2274 | D:2      | Killed Terence
  2274 | D:2      | Reached skill level 4 in Stealth
  2274 | D:2      | Reached skill level 5 in Earth Magic
  2274 | D:2      | Reached XP level 5. HP: 28/28 MP: 0/13
  2649 | D:2      | Learned a level 5 spell: Lee's Rapid Deconstruction
  3461 | D:2      | Reached XP level 6. HP: 22/32 MP: 2/15
  3646 | D:3      | Found an ancient bone altar of Kikubaaqudgha.
  3658 | D:3      | Reached skill level 5 in Spellcasting
  4332 | D:3      | Reached skill level 6 in Earth Magic
  4783 | D:4      | Found a stormy altar of Qazlal.
  4792 | D:4      | Noticed a water elemental
  4902 | D:4      | Found a bloodstained altar of Trog.
  4953 | D:4      | Reached skill level 5 in Stealth
  5290 | D:4      | Noticed a fire elemental
  5301 | D:4      | Found a basalt altar of Yredelemnul.
  5361 | D:4      | Noticed an air elemental
  5395 | D:4      | Found a staircase to the Ecumenical Temple.
  5407 | Temple   | Entered the Ecumenical Temple
  5707 | D:4      | Reached XP level 7. HP: 36/36 MP: 3/17
  5977 | D:5      | Entered Level 5 of the Dungeon
  6043 | D:5      | HP: 2/36 [centaur/arrow (14)]
  6049 | D:5      | Shot with an arrow by a centaur

Action                   |  1- 3 |  4- 6 |  7- 9 || total
-------------------------+-------+-------+-------++-------
Melee: Dagger            |     9 |    15 |       ||    24
 Cast: Sandblast         |    27 |    25 |       ||    52
       Stone Arrow       |     3 |    71 |     7 ||    81
       Lee's Rapid Decon |       |     2 |       ||     2
  Use: Scroll            |       |     5 |     2 ||     7
       Potion            |       |       |     1 ||     1
 Stab: Sleeping          |     1 |     1 |       ||     2
  Eat: Chunk             |     2 |    13 |     1 ||    16
       Ration            |       |     1 |     1 ||     2
Armor: Robe              |     3 |     7 |       ||    10
Dodge: Dodged            |     4 |    33 |     6 ||    43
